 Dungeon Crawl Stone Soup version 0.25-a0-949-gdd2af9e06e (webtiles) character file.

Game seed: 8364737319478366785, levelgen mode: deterministic

849 Flugslaktarn the Chopper (level 7, -4/66 HPs)
             Began as a Deep Dwarf Fighter on May 9, 2020.
             Splashed by Pikel's acid (11 damage)
             ... on level 6 of the Dungeon.
             The game lasted 00:01:24 (1993 turns).

Flugslaktarn the Chopper (Deep Dwarf Fighter)       Turns: 1993, Time: 00:01:25

Health: -4/66      AC:  3    Str: 22    XL:     7   Next: 69%
Magic:  4/4        EV:  7    Int:  8    God:
Gold:   137        SH: 10    Dex: 12    Spells: 6/6 levels left

rFire    . . .     SeeInvis .   b - +4 war axe (freeze)
rCold    . . .     Gourm    .   c - +0 kite shield
rNeg     . . .     Faith    .   t - +0 scale mail
rPois    .         Spirit   .   (no helmet)
rElec    .         Reflect  .   (no cloak)
rCorr    .         Harm     .   (no gloves)
MR       +....                  (no boots)
Stlth    ..........             (no amulet)
HPRegen  0.00/turn              (no ring)
MPRegen  0.09/turn              (no ring)

@: corroded, non-regenerating, drained
A: damage resistance, heal wounds, sense surroundings 1, no regeneration
a: Heal Wounds


You were on level 6 of the Dungeon.
You were not hungry.

You visited 2 branches of the dungeon, and saw 7 of its levels.

You collected 137 gold pieces.

Inventory:

Hand Weapons
 a - a +1 war axe of flaming
   (You took it off Blork the orc on level 4 of the Dungeon)
 b - a +4 war axe of freezing (weapon)
   (You took it off a wight on level 5 of the Dungeon)
Armour
 c - a +0 kite shield (worn)
 t - a +0 scale mail (worn)
Jewellery
 g - an uncursed ring of wizardry {unknown}
   (You found it on level 3 of the Dungeon)
 k - an uncursed amulet of the gourmand {unknown}
   (You found it on level 2 of the Dungeon)
Scrolls
 i - a scroll of fog {unknown}
 j - a scroll of identify {unknown}
 l - a scroll of amnesia {unknown}
 m - 2 scrolls of remove curse {unknown}
 q - a scroll of magic mapping {unknown}
Potions
 d - 2 potions of might
 f - 2 potions of degeneration {unknown}
 h - a potion of heal wounds {unknown}
 n - a potion of curing {unknown}
 o - 2 potions of brilliance {unknown}
 p - 3 potions of cancellation {unknown}
 s - a potion of magic {unknown}
Comestibles
 e - 6 rations
 r - a chunk of flesh


   Skills:
 + Level 4.4(3.7) Fighting
 * Level 6.3(5.6) Axes
 + Level 5.3(4.6) Armour
 + Level 5.4(4.6) Shields


You had 6 spell levels left.
You didn't know any spells.
Your spell library was empty.

Dungeon Overview and Level Annotations

Branches:
Dungeon (6/15)             Temple (1/1) D:4

Altars:
Ashenzari
Cheibriados
Dithmenos
Elyvilon
Gozag
Hepliaklqana
Nemelex Xobeh
Ru
Sif Muna
Trog
Uskayaw
Vehumet
Yredelemnul
Zin

Shops:
D:5 %

Annotations:
D:6 Pikel


Innate Abilities, Weirdness & Mutations

You are resistant to damage.
You can heal yourself by infusing magical energy.
You passively map a small area around you.
You do not regenerate.


Message History

You feel drained.
You hit Pikel. You freeze Pikel.
Pikel is lightly wounded.
You hit the wight but do no damage.
Pikel hits you with a +1 whip of electrocution.
You block the wight's attack. x2
You slash Pikel!
Pikel is moderately wounded.
You barely miss the wight. You block Pikel's attack.
You block the wight's attack. The wight hits you with a +5 war axe.
You hit Pikel but do no damage.
Pikel is moderately wounded.
You slash the wight!
Pikel hits you with a +1 whip of electrocution.
You are electrocuted!
* * * LOW HITPOINT WARNING * * *
You block the wight's attack. x2; Pikel zaps a wand.
The bolt of acid hits you!
* * * LOW HITPOINT WARNING * * *
The acid corrodes you!
You are splashed with acid!
You die...

* ........# , , * *
#........ , ,
##....... , , ,
.......# , , ,
#....p# , , ,
,,**#..zpz# , ., **
#..pzK# *, ,,, .. *
#@#### , ... #...<#
, ,....
,,########.## * *
..... #..>.รท....#
,....####.#########
#...#_'..#
#...###### #.... ,
##..


You could see Pikel, 3 slaves and 3 wights.

Vanquished Creatures
  Menkaure (D:4)
  2 ice beasts (D:5)
  A slave (D:6)
  Blork the orc (D:4)
  4 wights
  A howler monkey (D:4)
  A crimson imp (D:5)
  A hound (D:5)
  A gnoll shaman (D:5)
  An orc wizard (D:4)
  2 worker ants (D:4)
  3 gnolls (D:5)
  2 adders (D:4)
  An ooze (D:4)
  A worm (D:4)
  2 dart slugs
  2 leopard geckos
  13 orcs
  2 giant cockroaches (D:1)
  7 goblins
  2 hobgoblins
  3 kobolds
  3 quokkas
  2 frilled lizards
  A jackal skeleton (D:4)
  A leopard gecko skeleton (D:4)
  A leopard gecko zombie (D:5)
  A rat (D:1)
63 creatures vanquished.

Notes
Turn   | Place    | Note
-------+----------+-------------------------------------------
     0 | D:1      | Flugslaktarn the Deep Dwarf Fighter began the quest for the
                  | Orb.
     0 | D:1      | Reached XP level 1. HP: 20/20 MP: 1/1
   145 | D:1      | Reached XP level 2. HP: 25/27 MP: 2/2
   490 | D:4      | Reached skill level 3 in Axes
   497 | D:4      | Reached XP level 3. HP: 32/34 MP: 3/3
   505 | D:4      | Reached XP level 4. HP: 39/42 MP: 4/4
   513 | D:4      | Found a staircase to the Ecumenical Temple.
   600 | Temple   | Entered the Ecumenical Temple
   703 | D:4      | Noticed Blork the orc
   714 | D:4      | Reached skill level 4 in Axes
   714 | D:4      | Reached XP level 5. HP: 30/49 MP: 4/4
   723 | D:4      | Killed Blork the orc
   836 | D:4      | Noticed Menkaure
   847 | D:4      | Killed Menkaure
   847 | D:4      | Reached skill level 5 in Axes
   847 | D:4      | Reached XP level 6. HP: 35/57 MP: 5/5
   954 | D:4      | Found a basalt altar of Yredelemnul.
  1117 | D:5      | Entered Level 5 of the Dungeon
  1147 | D:5      | Noticed an ice beast
  1159 | D:5      | Killed an ice beast
  1311 | D:5      | Noticed an ice beast
  1317 | D:5      | Killed an ice beast
  1317 | D:5      | Reached XP level 7. HP: 24/64 MP: 6/6
  1401 | D:5      | Reached skill level 5 in Armour
  1401 | D:5      | Reached skill level 5 in Shields
  1446 | D:5      | Reached skill level 6 in Axes
  1521 | D:5      | Found Utteq's Food Shop.
  1976 | D:6      | Found a shattered altar of Ashenzari.
  1984 | D:6      | Noticed Pikel
  1993 | D:6      | Splashed by Pikel's acid

Levels and vault maps discovered:
D:1:      minmay_arrival_wavy_path, layout_loops_ring
D:2:      layout_loops_ring, tso_oasis_becter, minmay_puff
D:3:      layout_rooms, marbit_many_paths
D:4:      kennysheep_the_goblin_king, layout_cave_pools, kennysheep_mini_moat,
          minmay_temple_entry_mist, first_ration, uniq_menkaure,
          uniq_blork_the_orc
D:5:      layout_gridville, serial_shops, nicolae_shop_crystal
D:6:      layout_rooms, grunt_temple_overflow_open,
          ashenzari_conservatory_becter, uniq_eustachio, uniq_pikel,
          uniq_sigmund
Temple:   nicolae_temple_x_marks_the_god

Skill      XL: |  1  2  3  4  5  6  7 |
---------------+----------------------+-----
Axes           | 3 4 5 6 |  6.3
Fighting       | 3 4 |  4.4
Armour         | 4 5 |  5.3
Shields        | 4 5 |  5.4

Action                   |  1- 3 |  4- 6 |  7- 9 || total
-------------------------+-------+-------+-------++-------
Melee: War axe           |    56 |   109 |    52 ||   217
 Abil: Heal Wounds       |     1 |     8 |     3 ||    12
  Eat: Chunk             |       |     2 |     2 ||     4
Armor: Scale mail        |    25 |    46 |    17 ||    88
Dodge: Dodged            |    17 |    36 |    10 ||    63
Block: Kite shield       |    36 |    53 |    31 ||   120

Table legend:
 A = Non-vault XP
 B = Vault XP
 C = Vault XP percentage of total XP
 D = Non-vault monster count
 E = Vault monster count
 F = Vault count percentage of total count
                 A         B        C        D         E       F
            +---------+---------+-------+---------+---------+-------
      Total |     952 |     261 |  21.5 |      53 |       9 |  14.5
            +---------+---------+-------+---------+---------+-------
        D:1 |      16 |       0 |   0.0 |       9 |       0 |   0.0
        D:2 |       3 |       0 |   0.0 |       2 |       0 |   0.0
        D:3 |       7 |       0 |   0.0 |       3 |       0 |   0.0
        D:4 |     248 |     261 |  51.3 |      24 |       9 |  27.3
        D:5 |     619 |       0 |   0.0 |      13 |       0 |   0.0
        D:6 |      59 |       0 |   0.0 |       2 |       0 |   0.0
            +---------+---------+-------+---------+---------+-------
